 Dungeon Crawl Stone Soup version 0.29.1-13-g9f3cf754e1 (webtiles) character file.

Game seed: 12396548166860280673

340 KittyFluff the Cudgeller (level 6, -2/58 HPs)
             Began as a Gargoyle Berserker on Jan 29, 2023.
             Was a Priest of Trog.
             Slain by a gnoll
             ... wielding a +2 flail of protection
              (8 damage)
             ... on level 4 of the Dungeon.
             The game lasted 00:11:08 (3989 turns).

KittyFluff the Cudgeller (Gargoyle Berserker)       Turns: 3989, Time: 00:11:09

Health: -2/58      AC:  9    Str: 20    XL:     6   Next: 56%
Magic:  6/6        EV: 12    Int:  8    God:    Trog [***...]
Gold:   141        SH:  0    Dex: 11    Spells: 5/5 levels left

rFire   . . .      SeeInvis .   a - +0 mace
rCold   . . .      Faith    .   (no shield)
rNeg    + . .      Spirit   .   o - +0 leather armour
rPois   ∞          Reflect  .   (no helmet)
rElec   +          Harm     .   (no cloak)
rCorr   .          Rampage  .   (no gloves)
Will    .....                   k - +0 pair of boots
Stlth   ..........              (no amulet)
HPRegen 0.19/turn               (no ring)
MPRegen 0.10/turn               (no ring)

@: berserking, very quick
A: sickness immunity, AC +4, negative energy resistance 1, electricity
resistance, torment resistance 1, petrification resistance
a: Renounce Religion, Berserk, Trog's Hand


You were on level 4 of the Dungeon.
You worshipped Trog.
Trog was most pleased with you.
You visited 1 branch of the dungeon, and saw 4 of its levels.

You collected 141 gold pieces.

Inventory:

Hand Weapons
 a - a +0 mace (weapon)
 f - a +0 flail
Missiles
 d - 42 stones (quivered)
 m - 5 atropa-tipped darts
 r - 2 throwing nets
Armour
 k - a +0 pair of boots (worn)
 o - a +0 leather armour (worn)
 p - a +0 chain mail
Wands
 n - a wand of flame (20)
Scrolls
 b - 4 scrolls of teleportation
 c - a scroll of enchant weapon {unknown}
 e - a scroll of magic mapping {unknown}
 j - 2 scrolls of identify {unknown}
 l - 3 scrolls of immolation {unknown}
 q - a scroll of noise {unknown}
Potions
 g - 2 potions of haste {unknown}
 h - a potion of attraction {unknown}
 i - a potion of curing {unknown}
 s - a potion of ambrosia {unknown}


   Skills:
 + Level 4.4 Fighting
 + Level 5.2 Maces & Flails
 * Level 3.6 Armour
 + Level 2.6 Dodging
 + Level 1.0 Stealth


You had 5 spell levels left.
You didn't know any spells.
Your spell library was empty.

Dungeon Overview and Level Annotations

Branches:
Dungeon (4/15)
 Temple: D:4-7

Altars:
Fedhas
Hepliaklqana


Innate Abilities, Weirdness & Mutations

You are immune to sickness and miasma.
Your stone body is resilient. (AC +4)
You are immune to poison.
You resist negative energy. (rN+)
You are resistant to electric shocks. (rElec)
You are resistant to unholy torment.
You are immune to petrification.


Message History

You hear some strange, mumbled words.
You are confused.
You miss something.
The endoplasm quivers.
Something hits you but does no damage.
Okay, then.
A magic dart appears from out of thin air!
The magic dart hits you.
You miss something. You closely miss the orc.
You feel less confused. Something hits you. The orc barely misses you.
You closely miss the orc. Something hits you but does no damage.
The orc hits you but does no damage.
You hit the orc.
The orc is lightly wounded.
You hear some strange, mumbled words.
A magic dart appears from out of thin air!
The magic dart hits you.
* * * LOW HITPOINT WARNING * * *
The orc hits you with a +0 mace.
* * * LOW HITPOINT WARNING * * *
A red film seems to cover your vision as you go berserk!
You feel yourself moving faster!
You feel mighty! Something hits you but does no damage. The orc misses you.
You feel a strong urge to attack something.
You barely miss the orc.
The orc is lightly wounded.
The orc hits you but does no damage.
You closely miss the orc. You sock the orc!
You kill the orc!
Trog accepts your kill.
You hear some strange, mumbled words.
A puff of flame appears from out of thin air!
The puff of flame hits you!
* * * LOW HITPOINT WARNING * * *
You closely miss the gnoll.
The gnoll hits you with a +2 flail of protection!
You die...

#..#### ...
#..# #.#
#..#
#..#####.
#........
#.######.
#.# #.####
#.@g{#
####o# ##)#
#.g#
#..g...#
#......#
#..#'#..#
#..'_'...h
#..#'#..###


You could see a gnoll and an orc.

Vanquished Creatures
  An ogre (D:4)
  A scorpion (D:4)
  A jelly (D:4)
  Ijyb (D:3)
  A gnoll (D:4)
  4 adders
  2 worms
  3 dart slugs
  6 orcs
  11 bats
  8 endoplasms
  A giant cockroach (D:2)
  3 goblins
  5 hobgoblins
  4 jackals (D:2)
  5 quokkas
  12 ball pythons
  3 frilled lizards
  10 kobolds
  A rat (D:3)
83 creatures vanquished.

Notes
Turn   | Place    | Note
-------+----------+-------------------------------------------
     0 | D:1      | KittyFluff the Gargoyle Berserker began the quest for the
                  | Orb.
     0 | D:1      | Reached XP level 1. HP: 14/14 MP: 1/1
   340 | D:1      | Reached XP level 2. HP: 19/19 MP: 2/2
   759 | D:1      | Reached XP level 3. HP: 20/24 MP: 3/3
   946 | D:1      | You fall into a shaft and drop 1 floor!
  1008 | D:2      | Reached ** piety under Trog
  1555 | D:2      | Reached XP level 4. HP: 29/29 MP: 4/4
  1648 | D:2      | Reached skill level 4 in Maces & Flails
  1868 | D:3      | Found a blossoming altar of Fedhas.
  2071 | D:3      | Noticed Ijyb
  2081 | D:3      | Killed Ijyb
  2580 | D:3      | Reached XP level 5. HP: 12/33 MP: 5/5
  2984 | D:3      | Reached *** piety under Trog
  3466 | D:4      | Noticed an ogre
  3480 | D:4      | Killed an ogre
  3481 | D:4      | Reached XP level 6. HP: 7/38 MP: 6/6
  3772 | D:4      | Reached skill level 5 in Maces & Flails
  3813 | D:4      | Reached skill level 1 in Stealth
  3941 | D:4      | Found a hazy altar of Hepliaklqana.
  3989 | D:4      | Slain by a gnoll

Illustrated notes

Levels and vault maps discovered:
D:1:      dpeg_arrival_signposts, layout_basic
D:2:      layout_basic, chequers_serial_rivers_small_a
D:3:      layout_basic, amcnicky_altar_gilded, roderic_batcave,
          nrook_mini_vaults, minivault_14, item_on_display_a, uniq_ijyb
D:4:      layout_loops_ring, kennysheep_mini_moat,
          amethyst_overflow_temple_binary, minmay_temple_entry_butterflies,
          hex_medium

Skill      XL: |  1  2  3  4  5  6 |
---------------+-------------------+-----
Maces & Flails | 4 5 |  5.2
Dodging        | 2 |  2.6
Fighting       | 4 |  4.4
Armour         | 3 |  3.6
Stealth        | 1 |  1.0

Action                   |  1- 3 |  4- 6 || total
-------------------------+-------+-------++-------
Melee: Mace              |   126 |   181 ||   307
       Punch             |     1 |     2 ||     3
Throw: Stone             |       |     1 ||     1
Invok: Berserk           |       |     3 ||     3
  Use: Scroll            |       |     1 ||     1
Armor: Animal skin       |    41 |    43 ||    84
       Leather armour    |       |    48 ||    48
Dodge: Dodged            |    77 |   131 ||   208
